 Dungeon Crawl Stone Soup version 0.31-a0-1025-g2e47921a08 (webtiles) character file.

Game seed: 6388035549145167805

14 kae the Vexing (level 2, 0/19 HPs)
             Began as a Demonspawn Enchanter on Nov 17, 2023.
             Slain by a gnoll
             ... wielding a +0 flail
              (9 damage)
             ... on level 1 of the Dungeon.
             The game lasted 00:00:34 (423 turns).

kae the Vexing (Demonspawn Enchanter)                Turns: 423, Time: 00:00:34

Health: 0/19       AC:  5    Str:  8    XL:     2   Next: 27%
Magic:  1/5        EV: 12    Int: 16    God:
Gold:   43         SH:  0    Dex: 13    Spells: 3/5 levels left

rFire   . . .        a - +1 dagger
rCold   . . .        (no shield)
rNeg    . . .        b - +0 robe
rPois   .            (no helmet)
rElec   .            (no cloak)
rCorr   .            g - +0 pair of gloves
SInv    .            (no boots)
Will    .....        (no amulet)
Stlth   ++           (no ring)
HPRegen 0.23/turn    (no ring)
MPRegen 0.09/turn

%: no passive effects
@: no status effects
A: icy blue scales 1
a: no special abilities


You were on level 1 of the Dungeon.
You visited 1 branch of the dungeon, and saw 1 of its levels.

You collected 43 gold pieces.


Innate Abilities, Weirdness & Mutations

You are partially covered in icy blue scales. (AC +2)


   Skills:
 * Level 1.4 Short Blades
 - Level 1.7 Dodging
 + Level 2.8 Stealth
 + Level 2.1 Spellcasting
 + Level 3.1 Hexes


You had 3 spell levels left.
You knew the following spells:

 Your Spells              Type           Power      Damage    Failure   Level
a - Ensorcelled Hibernat  Hex/Ice        12%        N/A       16%         2

Your spell library contained the following spells:

 Spells                   Type           Power      Damage    Failure   Level
 Confusing Touch          Hex            11%        N/A       17%         3
 Tukima's Dance           Hex            11%        N/A       17%         3
 Shock                    Conj/Air       4%         1d3       21%         1
 Dazzling Flash           Conj/Hex       12%        N/A       32%         3
 Stone Arrow              Conj/Erth      2%         3d7       52%         3
 Swiftness                Air            1%         N/A       52%         3
 Airstrike                Air            0%         2d(1-17)  90%         4
 Animate Armour           Summ/Erth      2%         N/A       90%         4
 Lehudib's Crystal Spear  Conj/Erth      0%         10d2      100%        8

Inventory:

Hand Weapons
 a - a +1 dagger (weapon)
Missiles
 e - 4 stones
Armour
 b - a +0 robe (worn)
 g - a +0 pair of gloves (worn)
   (You found it on level 1 of the Dungeon)
Magical Staves
 j - a staff of cold {!a}
   (You found it on level 1 of the Dungeon)
Scrolls
 d - a scroll of identify {unknown}
 f - a scroll of poison {unknown}
 h - a scroll of noise {unknown}
Potions
 c - 2 potions of invisibility
 i - a potion of heal wounds {unknown}

Dungeon Overview and Level Annotations

Branches:
Dungeon (1/15) Zot: 5578

Altars:

.... #...
#..####..
#..##...#
#..##...#
#..##...#
#########
#..##...#
#........
#.......#
#.#######
##.##.#.#
#.#....).
#@##...#
#.#.#####
#g##.#####.#
#.##.......#
#.##########
... ###


You could see a gnoll.


Message History

You hit the bat. The bat barely misses you.
A bat is nearby!
A bat is nearby!
You hit the bat.
You kill the bat!
No target in view!
No target in view!
No target in view! 😕 HP[-1]
You take 1 damage, and now have 15/19 hp.
No target in view!
No target in view!
Unknown command.
h - a scroll labelled CUHEPOTROU 😕 HP[+1] No target in view!
No target in view!
i - a black potion 😎 HP[+3]
Your hp is fully restored (19).
No target in view!
No target in view!
j - a staff of cold {!a} No target in view!
No target in view!
You now have 31 gold pieces (gained 17).
You now have 43 gold pieces (gained 12).
A hobgoblin comes into view.
The hobgoblin shouts!
You hear a shout!
A gnoll comes into view. It is wielding a +0 flail.
There are monsters nearby!
You hit the hobgoblin. The hobgoblin completely misses you.
You barely miss the hobgoblin. The hobgoblin barely misses you.
There are monsters nearby!
There are monsters nearby!
You hit the hobgoblin. The hobgoblin closely misses you.
You closely miss the hobgoblin. The hobgoblin hits you. 😕 HP[-3]
You take 3 damage, and now have 16/19 hp.
The hobgoblin hits you.
Your memorisation is interrupted. 😮 HP[-2]
You take 2 damage, and now have 14/19 hp.
There are monsters nearby!
The hobgoblin hits you.
Your memorisation is interrupted. 😮 HP[-2]
You take 2 damage, and now have 12/19 hp.
The hobgoblin misses you.
You start memorising the spell.
You continue memorising.
The hobgoblin misses you.
You continue memorising.
The hobgoblin hits you but does no damage.
Your memorisation is interrupted. 😮 HP[+1]
The hobgoblin hits you but does no damage.
Your memorisation is interrupted.
The hobgoblin misses you.
You start memorising the spell.
You continue memorising.
The hobgoblin hits you but does no damage.
Your memorisation is interrupted.
The hobgoblin completely misses you.
You start memorising the spell.
You continue memorising.
The hobgoblin misses you.
You continue memorising.
The hobgoblin barely misses you.
You finish memorising.
Spell assigned to 'a'. 😮 HP[+1] You're too inexperienced to learn that spell!
Okay, then.
You hit the hobgoblin.
You kill the hobgoblin!
Casting: Ensorcelled Hibernation (safe; 16% risk of failure)
Confirm with . or Enter, or press ? or * to list all spells.
Aiming: Ensorcelled Hibernation (safe; 16% risk of failure)
Press: ? - help, Shift-Dir - straight line, f - gnoll
Aim: a gnoll, wielding a +0 flail (chance to affect: 49%)
The gnoll resists with some effort.
The gnoll barely misses you. 😮 MP[-2]
You lost 2 mp, and now have 3/5 mp.
Casting: Ensorcelled Hibernation (safe; 16% risk of failure)
Confirm with . or Enter, or press ? or * to list all spells.
Aiming: Ensorcelled Hibernation (safe; 16% risk of failure)
Press: ? - help, Shift-Dir - straight line, f/p - gnoll
Aim: a gnoll, wielding a +0 flail (chance to affect: 49%)
The gnoll resists with some effort.
The gnoll hits you but does no damage. 😕 HP[+1] MP[-2]
You lost 2 mp, and now have 1/5 mp.
Casting: Ensorcelled Hibernation (safe; 16% risk of failure)
Confirm with . or Enter, or press ? or * to list all spells.
You don't have enough magic to cast this spell.
You hit the gnoll.
The gnoll hits you with a +0 flail. 😮 HP[-4]
You take 4 damage, and now have 11/19 hp.
MASSIVE DAMAGE!! (PAUSE)
You closely miss the gnoll. The gnoll hits you with a +0 flail.
* * * LOW HITPOINT WARNING * * *
😨 HP[-2]
You take 2 damage, and now have 9/19 hp.
Unknown command.
You barely miss the gnoll. The gnoll hits you with a +0 flail!
You die...

Skill      XL: |  1 |
---------------+----+-----
Short Blades   | 1 |  1.4
Dodging        | |  1.7
Stealth        | |  2.8
Spellcasting   | |  2.1
Hexes          | |  3.1

Action                     || total
---------------------------++-------
  Melee: Dagger            ||    39
   Cast: Ensorcelled Hiber ||     2
   Stab: Sleeping          ||     2
 Armour: Robe              ||    28
  Dodge: Dodged            ||    33

Levels and vault maps discovered:
D:1:      minmay_arrival_up_and_down, layout_basic,
          dreamdust_ecumenical_altar_angels_and_demons

Notes
Turn   | Place    | Note
-------+----------+-------------------------------------------
     0 | D:1      | kae the Demonspawn Enchanter began the quest for the Orb.
     0 | D:1      | Reached XP level 1. HP: 13/13 MP: 3/3
     0 | D:1      | magus.rc [v1.11.3]
    44 | D:1      | Reached skill level 1 in Short Blades
   191 | D:1      | You pick up a book of Air and begin reading...
   191 | D:1      | You add the spells Shock, Swiftness and Airstrike to your
                  | library.
   200 | D:1      | Found a faded altar of an unknown god.
   267 | D:1      | You pick up a book of Armaments and begin reading...
   267 | D:1      | You add the spells Stone Arrow, Animate Armour and
                  | Lehudib's Crystal Spear to your library.
   295 | D:1      | Gained mutation: You are partially covered in icy blue
                  | scales. (AC +2) [demonic ancestry]
   295 | D:1      | Reached XP level 2. HP: 15/19 MP: 5/5
   418 | D:1      | Learned a level 2 spell: Ensorcelled Hibernation
   423 | D:1      | Slain by a gnoll

Vanquished Creatures
  3 bats (D:1)
  An endoplasm (D:1)
  3 hobgoblins (D:1)
  A quokka (D:1)
  3 ball pythons (D:1)
  A frilled lizard (D:1)
12 creatures vanquished.

Table legend:
 A = Non-vault XP
 B = Vault XP
 C = Vault XP percentage of total XP
 D = Non-vault monster count
 E = Vault monster count
 F = Vault count percentage of total count
                 A         B        C        D         E       F
            +---------+---------+-------+---------+---------+-------
      Total |      20 |       0 |   0.0 |      12 |       0 |   0.0
            +---------+---------+-------+---------+---------+-------
        D:1 |      20 |       0 |   0.0 |      12 |       0 |   0.0
            +---------+---------+-------+---------+---------+-------

Skill      XL: |  1 |
---------------+----+-----
Short Blades   | 1 |  1.4
Dodging        | |  1.7
Stealth        | |  2.8
Spellcasting   | |  2.1
Hexes          | |  3.1

Action                     || total
---------------------------++-------
  Melee: Dagger            ||    39
   Cast: Ensorcelled Hiber ||     2
   Stab: Sleeping          ||     2
 Armour: Robe              ||    28
  Dodge: Dodged            ||    33

Illustrated notes

Table legend:
 A = Kills in this place as a percentage of kills in the entire game.
 B = Kills by you in this place as a percentage of kills by you in the entire game.
 C = Kills by friends in this place as a percentage of kills by friends in the entire game.
 D = Other kills in this place as a percentage of other kills in the entire game.
 E = Experience gained in this place as a percentage of experience gained in the entire game.
 F = Experience gained in this place divided by the number of levels of this place that you have seen.
                   A       B       C       D       E      F
               +-------+-------+-------+-------+-------+----------------------
         Total | 100.0 | 100.0 |   N/A |   N/A | 100.0 |  20.0
       Dungeon | 100.0 | 100.0 |   N/A |   N/A | 100.0 |  20.0
               +-------+-------+-------+-------+-------+----------------------

Table legend: (Time is in decaauts)
 A = Elapsed time spent in this place.
 B = Non-inter-level travel time spent in this place.
 C = Inter-level travel time spent in this place.
 D = Time resting spent in this place.
 E = Time spent auto-exploring this place.
 F = Levels seen in this place.
 G = Mean time per level.
                   A        B        C        D        E       F      G
               +--------+--------+--------+--------+--------+-----+--------+
         Total |    420 |    420 |      0 |     21 |    287 |   1 |  420.0 |
       Dungeon |    420 |    420 |      0 |     21 |    287 |   1 |  420.0 |
               +--------+--------+--------+--------+--------+-----+--------+

Top non-repeatable levels by time:
     D:1: 420 daAuts
